 Dungeon Crawl Stone Soup version 0.23-a0-586-gacb4b3f (webtiles) character file.

2213 Lanoc the Slicer (level 9, -1/50 HPs)
             Began as a Kobold Chaos Knight on Dec 18, 2018.
             Was a Plaything of Xom.
             Slain by Psyche
             ... wielding a +4 dagger of chaos
              (4 damage)
             ... on level 8 of the Dungeon.
             The game lasted 00:17:43 (5369 turns).

Lanoc the Slicer (Kobold Chaos Knight)              Turns: 5369, Time: 00:17:44

Health: -1/50      AC:  6    Str: 11    XL:     9   Next: 61%
Magic:  9/9        EV: 19    Int: 13    God:    Xom [.....*]
Gold:   418        SH:  0    Dex: 20    Spells: 8/8 levels left

rFire    . . .     SeeInvis .   a - +1 short sword (chaos)
rCold    . . .     Gourm    .   (shield restricted)
rNeg     . . .     Faith    .   b - +2 leather armour
rPois    .         Spirit   .   (helmet restricted)
rElec    .         Reflect  .   (no cloak)
rCorr    .         Harm     .   w - +0 pair of gloves
MR       .....                  (no boots)
Stlth    +++++.....             (no amulet)
HPRegen  0.16/turn              j - ring of stealth
MPRegen  0.11/turn              h - +4 ring of dexterity

@: hasted and slowed
A: small, fangs 1, horns 1, carnivore, frail 1
a: Renounce Religion


You were on level 8 of the Dungeon.
You worshipped Xom.
You were Xom's teddy bear.
You were completely stuffed.

You visited 2 branches of the dungeon, and saw 9 of its levels.

You collected 418 gold pieces.

Inventory:

Hand Weapons
 a - a +1 short sword of chaos (weapon)
 o - a +2 falchion of freezing
 A - a +1 dagger of freezing
 B - a +0 hand crossbow
Missiles
 p - 36 bolts
Armour
 b - a +2 leather armour (worn)
 w - a +0 pair of gloves (worn)
 x - a +0 buckler
Jewellery
 h - a +4 ring of dexterity (right hand)
 j - a ring of stealth (left hand)
 v - a +3 ring of intelligence
Wands
 u - a wand of polymorph (10)
 y - a wand of flame (19)
Scrolls
 d - a scroll of immolation {unknown}
 g - 2 scrolls of enchant weapon
 i - a scroll of teleportation {unknown}
 l - 3 scrolls of magic mapping {unknown}
 m - 2 scrolls of identify
 q - a scroll of fog {unknown}
 s - a scroll of torment {unknown}
 t - a scroll of blinking {unknown}
Potions
 f - a potion of flight
 k - a potion of brilliance
Comestibles
 c - 9 rations


   Skills:
 + Level 6.7 Fighting
 + Level 10.2 Short Blades
 + Level 2.1 Crossbows
 + Level 2.0 Armour
 + Level 6.8 Dodging
 + Level 7.3 Stealth


You had 8 spell levels left.
You didn't know any spells.
Your spell library was empty.

Dungeon Overview and Level Annotations

Branches:
Dungeon (8/15)             Temple (1/1) D:6
   Lair: D:8-11

Altars:
Ashenzari
Cheibriados
Dithmenos
Elyvilon
Fedhas
Gozag
Hepliaklqana
Kikubaaqudgha
Makhleb
Nemelex Xobeh
Ru
Sif Muna
Trog
Uskayaw
Vehumet
Wu Jian
Xom
Yredelemnul
Zin
The Shining One

Shops:
D:6 [   D:7 *

Annotations:
D:8 Psyche


Innate Abilities, Weirdness & Mutations

You are small and have problems with some larger weapons.
You are carnivorous and can eat meat at any time.
You have very sharp teeth.
You have a pair of small horns on your head.
You are frail. (-10% HP)


Message History

Evoke which item? (* to show all) (? for menu, Esc to quit)
Aiming: Throw Flame
Press: ? - help, Shift-Dir - straight line, f/p - Pikel
Aim: Pikel, wielding a +0 whip of freezing, wearing a +0 robe and carrying a The puff of flame hits Pikel.
You kill Pikel!
Your Crossbows skill increases to level 2!
Your Armour skill increases to level 2!
With Pikel's spell broken, the former slave thanks you for its freedom.
Something barely misses you. Something hits you.
* * * LOW HITPOINT WARNING * * *
You feel yourself slow down.
Okay, then.
Evoke which item? (* to show all) (? for menu, Esc to quit)
Aiming: Throw Flame
Press: ? - help, Shift-Dir - straight line Really fire in the non-hostile freed slave's direction?
The puff of flame hits something.
Something hits you.
You die... "This toy is broken."

# .# #. .
#.## (# .
.....####/#.#
.
............#
#@# # #{#.# .
#)#.# .#
#p..# ## @
#.### #. #.#
#.#######.#
#.(%.pK...#
#.###.#.#.###


You could see a neutral freed slave (wandering).

Vanquished Creatures
  Pikel (D:8)
  Joseph (D:7)
  A hippogriff (D:8)
  A phantom (D:6)
  2 centaurs
  2 bullfrogs
  A scorpion (D:7)
  2 vampire bats (D:7)
  3 wights (D:7)
  A howler monkey (D:2)
  3 crimson imps
  A bullfrog zombie (D:5)
  A hound (D:8)
  A jelly (D:7)
  A centaur skeleton (D:4)
  2 orc wizards
  4 worker ants
  A hound zombie (D:5)
  4 gnolls (D:3)
  4 adders
  2 shadow imps
  8 worms
  4 leopard geckos
  11 orcs
  2 ball pythons
  3 bat skeletons (D:7)
  3 bat zombies (D:7)
  4 giant cockroaches
  4 goblins
  9 hobgoblins
  14 jackals
  6 kobolds
  A quokka (D:7)
  8 bats
  6 frilled lizards
  A jackal skeleton (D:4)
  A leopard gecko zombie (D:7)
  2 rats (D:3)
126 creatures vanquished.

Vanquished Creatures (others)
  3 orc wizards (D:5)
  A rat (D:1)
4 creatures vanquished.

Grand Total: 130 creatures vanquished

Notes
Turn   | Place    | Note
-------+----------+-------------------------------------------
     0 | D:1      | Lanoc the Kobold Chaos Knight began the quest for the Orb.
     0 | D:1      | Reached XP level 1. HP: 14/14 MP: 1/1
    50 | D:1      | XOM: harmless Necr miscast
    54 | D:1      | Reached XP level 2. HP: 13/19 MP: 2/2
    72 | D:1      | Reached skill level 1 in Stealth
   127 | D:1      | Reached XP level 3. HP: 10/23 MP: 3/3
   790 | D:1      | XOM: mild Pois miscast
   923 | D:2      | XOM: cloud trail
   943 | D:2      | Reached skill level 5 in Short Blades
   943 | D:2      | Reached XP level 4. HP: 29/29 MP: 4/4
   988 | D:2      | XOM is BORED!
   988 | D:2      | XOM: noise
  1207 | D:2      | Reached XP level 5. HP: 17/33 MP: 5/5
  1341 | D:2      | XOM: divination: detect creatures
  1625 | D:2      | XOM: smoke on damage
  1907 | D:3      | XOM: confuse monster(s)
  2399 | D:3      | Found a shattered altar of Ashenzari.
  2443 | D:3      | Found a hide-covered altar of Uskayaw.
  2516 | D:3      | Found a sparkling altar of Nemelex Xobeh.
  2566 | D:3      | XOM: butterfly on damage
  2573 | D:3      | Reached skill level 6 in Short Blades
  2573 | D:3      | Reached XP level 6. HP: 24/38 MP: 6/6
  3029 | D:4      | XOM: god gift: short sword {god gift}
  3163 | D:4      | Found a basalt altar of Yredelemnul.
  3202 | D:5      | Entered Level 5 of the Dungeon
  3309 | D:5      | XOM: summons friendly white imp
  3312 | D:5      | XOM: destruction
  3346 | D:5      | Found a deep blue altar of Sif Muna.
  3351 | D:5      | Reached XP level 7. HP: 35/44 MP: 7/7
  3356 | D:5      | Found a blossoming altar of Fedhas.
  3453 | D:5      | Reached skill level 7 in Short Blades
  3457 | D:5      | Found a glowing golden altar of the Shining One.
  3662 | D:5      | XOM: divination: detect items
  3792 | D:6      | XOM: cloud trail
  3823 | D:6      | Found a staircase to the Ecumenical Temple.
  3831 | Temple   | Entered the Ecumenical Temple
  4027 | D:6      | XOM: cloud trail
  4044 | D:6      | Reached skill level 5 in Fighting
  4077 | D:6      | XOM: scenery: create altars
  4085 | D:6      | Found a shimmering altar of Xom.
  4153 | D:6      | Found Edeu's Armour Boutique.
  4176 | D:6      | Reached skill level 5 in Dodging
  4182 | D:6      | Reached skill level 8 in Short Blades
  4182 | D:6      | Reached skill level 5 in Stealth
  4182 | D:6      | Reached XP level 8. HP: 28/49 MP: 8/8
  4418 | D:7      | XOM: repel stairs
  4533 | D:7      | Noticed Joseph
  4541 | D:7      | XOM: summons 4 friendly demons
  4543 | D:7      | XOM: give mutations
  4543 | D:7      | Gained mutation: You have very sharp teeth. [Xom's grace]
  4543 | D:7      | Gained mutation: You have a pair of small horns on your
                  | head. [Xom's grace]
  4550 | D:7      | Killed Joseph
  4550 | D:7      | Reached skill level 9 in Short Blades
  4780 | D:7      | Found a glowing silver altar of Zin.
  4828 | D:7      | Found an ancient bone altar of Kikubaaqudgha.
  4840 | D:7      | Reached XP level 9. HP: 55/55 MP: 9/9
  4878 | D:7      | XOM: god gift: wand of acid (5)
  4910 | D:7      | Found a white marble altar of Elyvilon.
  5008 | D:7      | XOM: harmless Fire miscast
  5178 | D:7      | Found Nanoh's Assorted Antiques.
  5325 | D:8      | Noticed Psyche
  5328 | D:8      | Noticed a hippogriff
  5336 | D:8      | XOM: noise
  5339 | D:8      | Killed a hippogriff
  5339 | D:8      | Reached skill level 10 in Short Blades
  5339 | D:8      | Reached skill level 1 in Crossbows
  5339 | D:8      | Reached skill level 1 in Armour
  5347 | D:8      | XOM: noise
  5348 | D:8      | Noticed Pikel
  5350 | D:8      | XOM: give mutations
  5350 | D:8      | Gained mutation: Scrolls take you a little longer to read.
                  | [Xom's mischief]
  5350 | D:8      | Gained mutation: You are frail. (-10% HP) [Xom's mischief]
  5350 | D:8      | Lost mutation: Scrolls take you a little longer to read.
                  | [Xom's mischief]
  5368 | D:8      | Killed Pikel
  5369 | D:8      | Slain by Psyche

Vault maps used:
D:1:      minmay_arrival_open_corners
D:2:      minmay_chambers_of_twos
D:3:      ashenzari_altar_1, lemuel_crystal_altar,
          nemelex_xobeh_ov_fountains_minmay, first_ration
D:4:      old_standard_altar, minmay_increasing_density
D:5:      lemuel_round_altar, overflow_temple_1_default, basic_altar
D:6:      xom_teletrap_fun, minmay_temple_entry_glassed_door, serial_shops,
          shop_statue
D:7:      nicolae_overflow_crystal_walls, zin_treasury,
          kennysheep_vampire_church, serial_shops, nicolae_shop_behind_doors,
          uniq_joseph
D:8:      david_defended_altar_elf, uniq_pikel, uniq_grum, uniq_psyche
Temple:   nicolae_temple_figure_zero

Skill      XL: |  1  2  3  4  5  6  7  8  9 |
---------------+----------------------------+-----
Stealth        | 1 2 3 5 6 7 |  7.3
Short Blades   | 5 6 8 9 10 | 10.2
Dodging        | 3 4 5 6 |  6.8
Fighting       | 4 5 6 |  6.7
Crossbows      | 2 |  2.1
Armour         | 2 |  2.0

Action                   |  1- 3 |  4- 6 |  7- 9 || total
-------------------------+-------+-------+-------++-------
Melee: Short sword       |    98 |   240 |   187 ||   525
       Bite              |       |       |    16 ||    16
       Headbutt          |       |       |    10 ||    10
Evoke: Wand              |       |       |    10 ||    10
  Use: Scroll            |       |     8 |     1 ||     9
       Potion            |       |       |    10 ||    10
 Stab: Sleeping          |     2 |    14 |    10 ||    26
       Confused          |       |     2 |     2 ||     4
       Paralysed         |       |     2 |     2 ||     4
  Eat: Chunk             |     7 |     9 |     7 ||    23
Armor: Leather armour    |    21 |    48 |    29 ||    98
Dodge: Dodged            |    70 |   101 |    92 ||   263
Block: Buckler           |       |       |     3 ||     3

Table legend:
 A = Non-vault XP
 B = Vault XP
 C = Vault XP percentage of total XP
 D = Non-vault monster count
 E = Vault monster count
 F = Vault count percentage of total count
                 A         B        C        D         E       F
            +---------+---------+-------+---------+---------+-------
      Total |    1797 |    1365 |  43.2 |     106 |      22 |  17.2
            +---------+---------+-------+---------+---------+-------
        D:1 |      43 |       0 |   0.0 |      23 |       0 |   0.0
        D:2 |     114 |      76 |  40.0 |      19 |       8 |  29.6
        D:3 |      91 |       0 |   0.0 |      19 |       0 |   0.0
        D:4 |      54 |      72 |  57.1 |       7 |       4 |  36.4
        D:5 |     247 |       0 |   0.0 |       9 |       0 |   0.0
        D:6 |     413 |       0 |   0.0 |       8 |       0 |   0.0
        D:7 |     546 |     610 |  52.8 |      19 |       9 |  32.1
        D:8 |     289 |     607 |  67.7 |       2 |       1 |  33.3
            +---------+---------+-------+---------+---------+-------
